 Dungeon Crawl Stone Soup version 0.29.1-4-g47bece8355 (webtiles) character file.

Game seed: 13449089161627808526

27 hawla the Chiller (level 3, -5/22 (26) HPs)
             Began as a Meteoran Ice Elementalist on Dec 9, 2022.
             Slain by a necrophage (6 damage)
             ... on level 4 of the Dungeon.
             The game lasted 00:04:28 (413 turns).

hawla the Chiller (Meteoran Ice Elementalist)        Turns: 413, Time: 00:04:28

HP:   -5/22 (26)    AC:  2    Str: 10    XL:     3   Next: 44%
MP:   8/8           EV: 12    Int: 18    God:
Gold: 27            SH:  0    Dex: 14    Spells: 4/8 levels left

rFire   . . .      SeeInvis .   i - +2 short sword (freeze)
rCold   . . .      Faith    .   (no shield)
rNeg    . . .      Spirit   .   a - +0 robe
rPois   .          Reflect  .   (no helmet)
rElec   .          Harm     .   (no cloak)
rCorr   .          Rampage  .   (no gloves)
Will    .....                   (no boots)
Stlth   +.........              (no amulet)
HPRegen 0.07/turn               (no ring)
MPRegen 0.11/turn               (no ring)

@: mighty, glowing, heavily drained
A: sense surroundings 1, otherworldly, glowing, explore regen
a: no special abilities


You were on level 4 of the Dungeon.
You visited 1 branch of the dungeon, and saw 4 of its levels.

You collected 27 gold pieces.

Inventory:

Hand Weapons
 i - a +2 short sword of freezing (weapon)
Armour
 a - a +0 robe (worn)
Scrolls
 c - a scroll of poison {unknown}
 d - a scroll of amnesia {unknown}
 e - 3 scrolls of identify {unknown}
 f - a scroll of torment {unknown}
 g - a scroll of enchant weapon {unknown}
Potions
 b - a potion of magic


   Skills:
 + Level 2.5 Dodging
 - Level 1.4 Stealth
 + Level 3.0 Spellcasting
 + Level 5.2 Ice Magic


You had 4 spell levels left.
You knew the following spells:

 Your Spells              Type           Power      Damage    Failure   Level
a - Freeze                Ice            84%        1d10      1%          1
b - Frozen Ramparts       Ice            42%        1d7       5%          3

Your spell library contained the following spells:

 Spells                   Type           Power      Damage    Failure   Level
 Ozocubu's Armour         Ice            21%        N/A       5%          3
 Hailstorm                Conj/Ice       12%        3d5       50%         4


Dungeon Overview and Level Annotations

Branches:
Dungeon (4/15) Zot: 1986
 Temple: D:4-7

Altars:

Shops:
D:2 !


Innate Abilities, Weirdness & Mutations

You passively map a small area around you.
You are easily found by Zot.
You glow in the dark.
You regain HP and MP as you explore.


Message History

The necrophage attacks as you move away!
The necrophage hits you.
You feel drained.
An iguana comes into view.
The iguana hisses angrily.
The kobold throws a stone.
The stone barely misses you.
You see here a +2 short sword of freezing.
Your +2 short sword of freezing glows with a cold blue light!
i - a +2 short sword of freezing (weapon)
Setting a skill training target for Short Blades at 12.0.
You hit the necrophage but do no damage.
The necrophage closely misses you. The necrophage closely misses you.
The kobold attacks as you move away! The kobold closely misses you.
The kobold hits you with a +0 club. The necrophage barely misses you.
The necrophage attacks as you move away!
The necrophage hits you. The kobold hits you with a +0 club.
The necrophage attacks as you move away!
The necrophage hits you.
* * * LOW HITPOINT WARNING * * *
The necrophage attacks as you move away!
The necrophage barely misses you.
The necrophage attacks as you move away!
The necrophage hits you but does no damage.
The necrophage attacks as you move away!
The necrophage hits you.
* * * LOW HITPOINT WARNING * * *
You feel drained.
The necrophage attacks as you move away!
The necrophage closely misses you.
It was a potion of might.
You feel very mighty all of a sudden. The necrophage hits you.
* * * LOW HITPOINT WARNING * * *
You feel drained.
* * * LOW HITPOINT WARNING * * *
Okay, then.
You puncture the necrophage! You freeze the necrophage.
The necrophage is moderately damaged.
The necrophage hits you.
You die...

.# #.# .# #.#########
.# #.......... .#
#.......... .#
#.......... .#
#..........* .#
#.......... .#** #
############..........,
.## ., ,
.......@nlK..#####....,
..#.# ##############
.... ..#.#### * * * ...
.....(.. , ,,,, ..,
..#.#### *** * ** ..#.#
..#,# ..# #.# ,


You could see a necrophage, an iguana and a kobold.

Vanquished Creatures
  A gnoll (D:2)
  3 endoplasms
  2 giant cockroaches
  A goblin (D:1)
  A hobgoblin (D:4)
  A bat (D:2)
  A frilled lizard (D:2)
  4 kobolds
  4 rats
18 creatures vanquished.

Notes
Turn   | Place    | Note
-------+----------+-------------------------------------------
     0 | D:1      | hawla the Meteoran Ice Elementalist began the quest for the
                  | Orb.
     0 | D:1      | Reached XP level 1. HP: 14/14 MP: 5/5
    22 | D:1      | Reached XP level 2. HP: 15/20 MP: 1/6
    60 | D:2      | Found Xusiakh's Distillery.
   191 | D:2      | HP: 1/20 [gnoll/+0 whip (5)]
   193 | D:2      | Reached skill level 5 in Ice Magic
   193 | D:2      | Reached XP level 3. HP: 2/26 MP: 1/8
   255 | D:2      | Learned a level 3 spell: Frozen Ramparts
   395 | D:4      | Noticed a necrophage
   412 | D:4      | HP: 1/22 [necrophage (1)]
   413 | D:4      | Slain by a necrophage

Illustrated notes

Levels and vault maps discovered:
D:1:      dpeg_arrival_leaves_temple_mockup, layout_loops_ring,
          hellmonk_ecumenical_altar_watching_god
D:2:      layout_loops_ring, serial_shops, shop, uniq_robin
D:3:      layout_loops_ring, zin_scriptorium
D:4:      layout_basic, serial_shops, shop, roderic_batcave, minmay_cut_off

Skill      XL: |  1  2  3 |
---------------+----------+-----
Ice Magic      | 5 |  5.2
Spellcasting   | 3 |  3.0
Dodging        | |  2.5
Stealth        | |  1.4

Action                   || total
-------------------------++-------
Melee: Unarmed           ||     3
       Short sword       ||     2
 Cast: Freeze            ||    22
       Frozen Ramparts   ||     4
  Use: Scroll            ||     1
       Potion            ||     1
Armor: Robe              ||     1
Dodge: Dodged            ||    14
